 Dungeon Crawl Stone Soup version 0.25.1-2-g60ff931df9 (webtiles) character file.

Game seed: 4038537141833596612

917 solopath the Carver (level 7, 0/50 HPs)
             Began as a Demonspawn Gladiator on Oct 28, 2020.
             Was a Priest of Trog.
             Slain by an iguana (9 damage)
             ... on level 5 of the Dungeon.
             The game lasted 00:07:06 (3116 turns).

solopath the Carver (Demonspawn Gladiator)          Turns: 3116, Time: 00:07:06

Health: 0/50       AC:  8    Str: 14    XL:     7   Next: 83%
Magic:  7/7        EV: 12    Int: 12    God:    Trog [***...]
Gold:   457        SH:  0    Dex: 14    Spells: 6/6 levels left

rFire    . . .     SeeInvis .   a - +0 long sword
rCold    . . .     Gourm    .   (no shield)
rNeg     . . .     Faith    .   m - +1 leather armour {MR+}
rPois    .         Spirit   .   c - +0 helmet
rElec    .         Reflect  .   u - +0 cloak
rCorr    .         Harm     .   (no gloves)
MR       +....                  (no boots)
Stlth    +.........             n - amulet of regeneration
HPRegen  0.56/turn              (no ring)
MPRegen  0.10/turn              (no ring)

@: no status effects
A: claws 2, thin metallic scales 1, rot immunity
a: Berserk, Trog's Hand, Renounce Religion


You were on level 5 of the Dungeon.
You worshipped Trog.
Trog was most pleased with you.
You were not hungry.

You visited 1 branch of the dungeon, and saw 5 of its levels.
You also visited: Ossuary.

You collected 457 gold pieces.

Inventory:

Hand Weapons
 a - a +0 long sword (weapon)
Missiles
 d - 3 throwing nets (quivered)
Armour
 b - a +0 leather armour
 c - a +0 helmet (worn)
 m - a +1 leather armour of magic resistance (worn)
 s - a +1 buckler of positive energy
 u - a +0 cloak (worn)
Jewellery
 n - an amulet of regeneration (around neck)
 x - an uncursed ring of teleportation
Scrolls
 g - 2 scrolls of identify
 h - 2 scrolls of fear
 l - a scroll of random uselessness
 o - 2 scrolls of teleportation
 r - a scroll of magic mapping
 w - 2 scrolls of remove curse
 y - 3 scrolls of enchant armour {unknown}
Potions
 e - a potion of resistance
 i - 2 potions of cancellation {unknown}
 k - a potion of degeneration {unknown}
 p - a potion of invisibility {unknown}
 q - a potion of lignification {unknown}
 t - 2 potions of curing {unknown}
 v - a potion of heal wounds
 z - a potion of magic
 A - a potion of brilliance {unknown}
 B - a potion of berserk rage {unknown}
Comestibles
 f - 9 rations


   Skills:
 - Level 2.0 Fighting
 + Level 8.7 Long Blades
 - Level 1.7 Throwing
 - Level 2.6 Dodging


You had 6 spell levels left.
You didn't know any spells.
Your spell library was empty.

Dungeon Overview and Level Annotations

Branches:
Dungeon (5/15)            Ossuary (visited)
 Temple: D:4-7

Altars:
Elyvilon
Okawaru
Sif Muna
Trog
Wu Jian
Yredelemnul
The Shining One

Shops:
D:5 =


Innate Abilities, Weirdness & Mutations

You have very sharp fingernails.
You are partially covered in thin metallic scales. (AC +2)
You are immune to rotting.


Message History

The iguana is almost dead.
You hit the iguana but do no damage.
The iguana is almost dead.
The iguana barely misses you.
You barely miss the iguana.
The iguana is almost dead.
The iguana closely misses you.
You closely miss the iguana.
The iguana is almost dead.
The iguana bites you.
* * * LOW HITPOINT WARNING * * *
You closely miss the iguana.
The iguana is almost dead.
The iguana bites you!
* * * LOW HITPOINT WARNING * * *
You barely miss the iguana.
The iguana is almost dead.
The iguana closely misses you. The iguana bites you!
You die...

.##.......##*_*_*,#.#_#*
.##........##*###*#*##*
............# #.#
###....#....# #.####***
#.....#...# #....,,,*
##.........# #..#***,*
##..#.......###..###*,*
.)...)..#...##.#.l.#*,*
.##.......#####.@#.#*,*
.*###.###### ##.#.##.#
.***#......#####......#
..,*#.####.#.......####
.#.##.##.....#######
.........#.###
##.##.####.#
*#,*#......#
,,,*########


You could see an iguana.

Vanquished Creatures
  3 ogres
  Blork the orc (D:4)
  A centaur zombie (Ossuary)
  A bullfrog zombie (D:5)
  Crazy Yiuf (D:2)
  3 orc priests (D:5)
  A bullfrog skeleton (D:5)
  A centaur skeleton (D:2)
  3 orc wizards
  An iguana (D:4)
  2 worker ants
  3 big kobold zombies (Ossuary)
  2 mummies (Ossuary)
  Robin (D:2)
  3 adders
  A shadow imp (D:5)
  An ooze (D:3)
  A worm (D:2)
  A dart slug (D:2)
  2 leopard geckos (D:4)
  8 orcs
  8 bats
  3 giant cockroaches
  12 goblins
  10 hobgoblins
  10 jackals (D:3)
  3 quokkas
  A ball python (D:3)
  3 frilled lizards
  3 gnoll zombies (Ossuary)
  3 goblin zombies (Ossuary)
  2 hobgoblin zombies (Ossuary)
  6 kobolds
  2 orc zombies (Ossuary)
  A quokka skeleton (D:4)
  6 rats
114 creatures vanquished.

Notes
Turn   | Place    | Note
-------+----------+-------------------------------------------
     0 | D:1      | solopath the Demonspawn Gladiator began the quest for the
                  | Orb.
     0 | D:1      | Reached XP level 1. HP: 16/16 MP: 1/1
     6 | D:1      | Noticed a rime drake
     6 | D:1      | Noticed a wolf
     7 | D:1      | Noticed a black bear
   188 | D:1      | Reached skill level 3 in Long Blades
   248 | D:1      | Gained mutation: You have sharp fingernails. [demonic
                  | ancestry]
   248 | D:1      | Reached XP level 2. HP: 17/22 MP: 2/2
   610 | D:2      | Reached XP level 3. HP: 27/27 MP: 3/3
   626 | D:2      | Noticed Robin
   647 | D:2      | Reached skill level 4 in Long Blades
   653 | D:2      | Killed Robin
   685 | D:2      | Found a bloodstained altar of Trog.
   722 | D:2      | Became a worshipper of Trog the Wrathful
   742 | D:2      | Found a shimmering blue altar of Sif Muna.
   752 | D:2      | Gained mutation: You have very sharp fingernails. [demonic
                  | ancestry]
   752 | D:2      | Reached XP level 4. HP: 17/33 MP: 4/4
   755 | D:2      | Found an ornate altar of the Wu Jian Council.
   983 | D:2      | Found a runed translucent door.
   984 | D:2      | Noticed Crazy Yiuf
  1278 | D:2      | Killed Crazy Yiuf
  1278 | D:2      | Reached skill level 5 in Long Blades
  1494 | D:3      | Reached XP level 5. HP: 38/38 MP: 5/5
  1519 | D:3      | Reached * piety under Trog
  2087 | D:4      | Found an iron altar of Okawaru.
  2174 | D:4      | Found a basalt altar of Yredelemnul.
  2188 | D:4      | Reached skill level 6 in Long Blades
  2191 | D:4      | Reached ** piety under Trog
  2352 | D:4      | Noticed Blork the orc
  2362 | D:4      | Killed Blork the orc
  2362 | D:4      | Gained mutation: You are immune to rotting. [demonic
                  | ancestry]
  2362 | D:4      | Reached XP level 6. HP: 43/44 MP: 6/6
  2675 | D:5      | Entered Level 5 of the Dungeon
  2675 | D:5      | Found a glowing golden altar of the Shining One.
  2701 | D:5      | Found a white marble altar of Elyvilon.
  2713 | D:5      | Found Viam's Jewellery Emporium.
  2745 | D:5      | Reached skill level 7 in Long Blades
  2768 | D:5      | Gained mutation: You are partially covered in thin metallic
                  | scales. (AC +2) [demonic ancestry]
  2768 | D:5      | Reached XP level 7. HP: 50/50 MP: 7/7
  2816 | D:5      | Reached skill level 8 in Long Blades
  2828 | D:5      | Found a sand-covered staircase.
  2914 | Ossuary  | Entered an ossuary
  3006 | Ossuary  | Reached *** piety under Trog
  3116 | D:5      | Slain by an iguana

Illustrated notes

Levels and vault maps discovered:
D:1:      onia_arrival_zoo_common, layout_rooms
D:2:      layout_loops_ring, lemuel_doored_altar, grunt_temple_overflow_open,
          first_ration, minmay_misc_feat_iff, uniq_robin,
          uniq_crazy_yiuf_cottage
D:3:      layout_loops_cross
D:4:      layout_loops_cross, okawaru_metal_pillars_1_2,
          nicolae_overflow_hidden_temple, uniq_blork_the_orc
D:5:      layout_loops_cross, overflow_temple_1_default, minitemple,
          serial_shops, shop, nicolae_ossuary_entry_ruins

Skill      XL: |  1  2  3  4  5  6  7 |
---------------+----------------------+-----
Long Blades    | 3 4 5 6 7 8 |  8.7
Fighting       | |  2.0
Throwing       | |  1.7
Dodging        | |  2.6

Action                   |  1- 3 |  4- 6 |  7- 9 || total
-------------------------+-------+-------+-------++-------
Melee: Long sword        |    79 |   175 |   107 ||   361
Invok: Berserk           |       |     5 |     1 ||     6
  Use: Scroll            |       |     8 |       ||     8
       Potion            |       |       |     2 ||     2
 Stab: Sleeping          |     1 |     1 |       ||     2
  Eat: Chunk             |       |    11 |     3 ||    14
Armor: Leather armour    |    21 |    64 |    50 ||   135
Dodge: Dodged            |    60 |   160 |    98 ||   318
       Rpst.: Long sword |    22 |    48 |    32 ||   102
